 Dungeon Crawl Stone Soup version 0.21-a0-52-gbf49515 (webtiles) character file.

66 KristoblXynda the Charlatan (level 3, -1/27 HPs)
             Began as a Demigod Artificer on June 13, 2017.
             Slain by a jackal (2 damage)
             ... on level 4 of the Dungeon.
             The game lasted 00:08:01 (3085 turns).

KristoblXynda the Charlatan (Demigod Artificer)     Turns: 3085, Time: 00:08:02

Health: -1/27      AC:  3    Str: 15    XL:     3   Next: 69%
Magic:  8/8        EV: 12    Int: 17    God:
Gold:   63         SH:  0    Dex: 16    Spells: 2/2 levels left

rFire    . . .     SeeInvis .   g - +1 dagger (freeze)
rCold    . . .     Gourm    .   (no shield)
rNeg     . . .     Faith    .   b - +0 leather armour
rPois    .         Spirit   .   (no helmet)
rElec    .         Reflect  .   (no cloak)
rCorr    .         Harm     .   (no gloves)
MR       .....                  (no boots)
Stlth    ++........             (no amulet)
Regen    0.1/turn               (no ring)
MPRegen  0.2/turn               (no ring)

@: very slightly contaminated
A: high mp 1
a: no special abilities


You were on level 4 of the Dungeon.
You were not hungry.

You visited 1 branch of the dungeon, and saw 3 of its levels.
You also visited: Ossuary.

You collected 63 gold pieces.

Inventory:

Hand Weapons
 g - a +1 dagger of freezing (weapon)
Armour
 b - a +0 leather armour (worn)
Wands
 c - a wand of flame (7/48)
 d - a wand of enslavement (14/24)
 e - a wand of random effects (14/48)
Scrolls
 j - 4 scrolls of remove curse
 l - a scroll of teleportation
 o - a scroll of immolation
Potions
 h - 3 potions of haste
 m - a potion of invisibility
 s - a potion of heal wounds
 u - a potion of curing {unknown}
 v - 2 potions of might
Books
 i - a book of Cantrips

   Spells                             Type                      Level
   a - Confusing Touch                Hexes                        1
   b - Animate Skeleton               Necromancy                   1
   c - Summon Small Mammal            Summoning                    1
   d - Apportation                    Translocation                1
Comestibles
 f - 2 bread rations


   Skills:
 - Level 0.8 Fighting
 + Level 2.0 Short Blades
 - Level 2.0 Dodging
 + Level 2.1 Stealth
 + Level 3.3 Evocations


You had 2 spell levels left.
You didn't know any spells.

Dungeon Overview and Level Annotations

Branches:
Dungeon (4/15)
 Temple: D:4-7

Annotations:
D:4 Eustachio


Innate Abilities, Weirdness & Mutations

You have an increased reservoir of magic. (+10% MP)


Message History

Unknown command.
The hound bites you.
* * * LOW HITPOINT WARNING * * *
The hound misses you. The hound bites you.
* * * LOW HITPOINT WARNING * * *
Your surroundings suddenly seem different.
An orc wizard comes into view. It is wielding a dagger.
The orc wizard shouts!
An orc comes into view. It is wielding a club.
The orc shouts!
A jackal comes into view.
The jackal barks!
An orc comes into view.
The orc shouts!
You hear a shout!
The orc hits you with a club.
* * * LOW HITPOINT WARNING * * *
The jackal bites you but does no damage.
The jackal bites you.
You die...

.......
....#..
.......
..#.. ..
(...##
....#.%o####
.......oo..#
#@#
......ohh#
##.##.#....
#.##.#.# #
...#
........
##.. .......
. . ......
.<. .....
#.#


You could see an orc wizard, 3 orcs and 2 jackals.

Vanquished Creatures
  2 mummies (Ossuary)
  A worm (D:2)
  A dart slug (D:1)
  A leopard gecko (D:2)
  3 giant cockroaches
  3 goblins
  6 hobgoblins
  5 bats
  A frilled lizard (D:2)
  A gnoll skeleton (Ossuary)
  3 goblin skeletons (Ossuary)
  2 goblin zombies (Ossuary)
  2 hobgoblin skeletons (Ossuary)
  2 hobgoblin zombies (Ossuary)
  A kobold (D:4)
  A kobold skeleton (Ossuary)
  3 kobold zombies (Ossuary)
  An orc skeleton (Ossuary)
  6 rats (D:2)
  A rat skeleton (Ossuary)
  A rat zombie (Ossuary)
47 creatures vanquished.

Vanquished Creatures (others)
  Menkaure (Ossuary)
  A mummy (Ossuary)
  3 gnoll zombies (Ossuary)
  A gnoll skeleton (Ossuary)
  2 goblin skeletons (Ossuary)
  5 goblin zombies (Ossuary)
  2 hobgoblin skeletons (Ossuary)
  A hobgoblin zombie (Ossuary)
  5 kobold skeletons (Ossuary)
  3 kobold zombies (Ossuary)
  2 orc skeletons (Ossuary)
  2 orc zombies (Ossuary)
  4 rat skeletons (Ossuary)
  3 rat zombies (Ossuary)
35 creatures vanquished.

Grand Total: 82 creatures vanquished

Notes
Turn   | Place    | Note
-------+----------+-------------------------------------------
     0 | D:1      | KristoblXynda the Demigod Artificer began the quest for the Orb.
     0 | D:1      | Reached XP level 1. HP: 15/15 MP: 5/5
    14 | D:1      | Reached skill level 1 in Stealth
   331 | D:1      | Reached skill level 1 in Short Blades
   556 | D:1      | Reached XP level 2. HP: 22/22 MP: 6/6
   791 | D:1      | Reached skill level 3 in Evocations
  1589 | D:2      | Reached XP level 3. HP: 6/27 MP: 7/7
  1990 | D:2      | You fall through a shaft for 2 floors!
  1990 | D:4      | Noticed a big kobold
  1990 | D:4      | Noticed Eustachio
  2082 | D:4      | Noticed a phantom
  2096 | D:4      | Found a sand-covered staircase.
  2105 | Ossuary  | Entered an ossuary
  2659 | Ossuary  | Killed Menkaure
  3085 | D:4      | HP: 1/27 [orc/club (1)]
  3085 | D:4      | Slain by a jackal

Vault maps used:
D:1:      ncdulo_watergridlock
D:2:      first_bread
D:4:      kennysheep_kobold_camp, nicolae_overflow_hidden_temple,
          enter_ossuary_1, kennysheep_generic_room_2, uniq_eustachio
Ossuary:  ossuary_due_pyramid

Skill      XL: |  1  2  3 |
---------------+----------+-----
Stealth        | 1 2 |  2.1
Short Blades   | 1 2 |  2.0
Dodging        | 2 |  2.0
Evocations     | 3 |  3.3
Fighting       | |  0.8

Action                   || total
-------------------------++-------
Melee: Dagger            ||   125
       Short sword       ||     6
Evoke: Wand              ||    10
  Use: Scroll            ||    13
       Potion            ||     3
 Stab: Sleeping          ||     3
       Distracted        ||     1
  Eat: Chunk             ||     1
       Meat ration       ||     1
       Royal jelly       ||     1
Armor: Leather armour    ||    24
Dodge: Dodged            ||    97
